 Dungeon Crawl Stone Soup version 0.28-a0-447-g1f95980246 (webtiles) character file.

Game seed: 1903037448560446331

30 Shayle the Insei (level 3, -4/29 HPs)
             Began as a Djinni Warper on Sept 12, 2021.
             Slain by a scorpion (5 damage)
             ... on level 4 of the Dungeon.
             The game lasted 00:05:52 (2732 turns).

Shayle the Insei (Djinni Warper)                    Turns: 2732, Time: 00:05:53

Health: -4/29      AC:  5    Str: 10    XL:     3   Next: 37%
Gold:   70         EV: 10    Int: 15    God:
                   SH:  0    Dex: 12

rFire   + + .      SeeInvis .     - Unarmed
rCold   x . .      Faith    .   (no shield)
rNeg    . . .      Spirit   .   h - +0 ring mail
rPois   ∞          Reflect  .   (no helmet)
rElec   .          Harm     .   (no cloak)
rCorr   .          Rampage  .   (no gloves)
Will    .....                   (boots unavailable)
Stlth   +.........              (no amulet)
HPRegen 0.09/turn               (no ring)
MPRegen 0.00/turn               (no ring)

@: flying, slowed, very slow
A: sickness immunity, fire resistance 2, cold vulnerability 1, float, innate
caster, hp casting, extra vitality 1
a: no special abilities


You were on level 4 of the Dungeon.
You visited 1 branch of the dungeon, and saw 4 of its levels.

You collected 70 gold pieces.

Inventory:

Missiles
 c - 12 boomerangs of dispersal (quivered)
Armour
 a - a +0 leather armour
 h - a +0 ring mail (worn)
Wands
 l - a wand of polymorph (9)
Scrolls
 b - a scroll of blinking
 e - a scroll of enchant weapon {unknown}
 g - a scroll of magic mapping {unknown}
 j - a scroll of silence {unknown}
 k - a scroll of vulnerability {unknown}
Potions
 d - 3 potions of curing {unknown}
 f - a potion of ambrosia {unknown}
 i - a potion of might {unknown}
 m - a potion of attraction {unknown}


   Skills:
 + Level 2.4 Fighting
 - Level 0.7 Throwing
 - Level 1.0 Armour
 - Level 2.1 Dodging
 * Level 2.9 Unarmed Combat
 + Level 2.6 Spellcasting


You couldn't memorise any spells.
You knew the following spells:

 Your Spells              Type           Power      Damage    Failure   Level
a - Blink                 Tloc           N/A        N/A       26%         2
b - Lesser Beckoning      Tloc           10%        N/A       45%         3
c - Gell's Gravitas       Tloc           5%         N/A       45%         3
d - Teleport Other        Tloc           10%        N/A       45%         3
e - Manifold Assault      Tloc           10%        N/A       99%         5
f - Pain                  Necr           40%        1d6       17%         1
Your spell library was empty.

Dungeon Overview and Level Annotations

Branches:
Dungeon (4/15)
 Temple: D:4-7

Altars:

Annotations:
D:2 1 runed translucent door, Crazy Yiuf, Terence
D:3 Natasha


Innate Abilities, Weirdness & Mutations

You are immune to sickness and miasma.
You are immune to poison.
Your flesh is very heat resistant. (rF++)
You are vulnerable to cold. (rC-)
You float through the air rather than walking.
You learn spells naturally, not from books.
Your magical power is your life essence.
You have superior vitality. (+4 HP)


Message History

Natasha, Servant of Life and Death comes into view.
Natasha hisses angrily.
A rat comes into view.
You closely miss Natasha. Natasha completely misses you.
You closely miss Natasha.
A giant cockroach comes into view.
Natasha stares at you and mumbles some strange words.
You feel yourself slow down.
You hit Natasha.
Natasha is moderately wounded.
Natasha casts a spell.
Natasha claws you. Natasha casts a spell at you. The magic dart hits you!
The rat bites you.
There is a stone staircase leading down here.
The white imp puffs mist at you.
The white imp hits you but does no damage.
The rat bites you.
Natasha mumbles some strange words.
Natasha shimmers violently.
Natasha claws you.
* * * LOW HITPOINT WARNING * * *
You fly downwards.
The goblin shouts!
The ogre shouts!
Found a scroll labelled SANEPARARE.
There is a stone staircase leading up here.
The rat barely misses you. x2
The rat misses you. The goblin hits you with a +0 dagger.
* * * LOW HITPOINT WARNING * * *
A scorpion and a hobgoblin come into view.
The hobgoblin shouts!
The goblin hits you but does no damage.
You closely miss the goblin. The goblin misses you.
You closely miss the goblin. The goblin hits you but does no damage.
The goblin closely misses you.
You closely miss the goblin. The scorpion stings you!
* * * LOW HITPOINT WARNING * * *
The goblin hits you but does no damage. The scorpion stings you.
You die...

#######
.......
###.......
####.<.....Z.
#rOZ.#....?..
##g####.......
#@.# .......
#.s## .......
#g## .....O.
#. ####... #.
#.. #. #. ..


You could see an ogre, a scorpion, a hobgoblin, a goblin, a rat and a hound
skeleton.

Vanquished Creatures
  An adder (D:3)
  A dart slug (D:2)
  2 bats (D:1)
  An endoplasm (D:1)
  2 giant cockroaches
  A goblin (D:2)
  3 hobgoblins (D:1)
  A ball python (D:1)
  2 frilled lizards
  4 kobolds
  A rat (D:3)
19 creatures vanquished.

Notes
Turn   | Place    | Note
-------+----------+-------------------------------------------
     0 | D:1      | Shayle the Djinni Warper began the quest for the Orb.
     0 | D:1      | Reached XP level 1. HP: 18/18 MP: 0/0
   386 | D:1      | Found a faded altar of an unknown god.
   483 | D:1      | Reached XP level 2. HP: 13/23 MP: 0/0
  1730 | D:2      | Noticed Terence
  1847 | D:2      | HP: 1/23 [Terence (4)]
  2293 | D:2      | Found a runed translucent door.
  2294 | D:2      | Noticed Crazy Yiuf
  2526 | D:2      | Reached XP level 3. HP: 23/29 MP: 0/0
  2526 | D:2      | Learned a level 1 spell: Pain
  2716 | D:3      | Noticed Natasha
  2724 | D:4      | Noticed an ogre
  2729 | D:4      | Noticed a scorpion
  2732 | D:4      | HP: 1/29 [scorpion (7)]
  2732 | D:4      | Slain by a scorpion

Illustrated notes

Levels and vault maps discovered:
D:1:      minmay_arrival_plants_in_alcoves, layout_basic,
          hellmonk_ecumenical_altar_zigzags, st_stairs_4
D:2:      layout_loops_ring, uniq_crazy_yiuf_cottage, uniq_terence
D:3:      layout_rooms, uniq_natasha
D:4:      layout_rooms, minmay_misc_feat_more_columns

Action                   || total
-------------------------++-------
Melee: Unarmed           ||   146
Throw: Boomerang         ||     1
 Stab: Sleeping          ||     1
Armor: Leather armour    ||    15
       Ring mail         ||    19
Dodge: Dodged            ||    85

Table legend: (Time is in decaauts)
 A = Elapsed time spent in this place.
 B = Non-inter-level travel time spent in this place.
 C = Inter-level travel time spent in this place.
 D = Time resting spent in this place.
 E = Time spent auto-exploring this place.
 F = Levels seen in this place.
 G = Mean time per level.
                   A        B        C        D        E       F      G
               +--------+--------+--------+--------+--------+-----+--------+
         Total |   2733 |   2425 |    308 |    775 |   1226 |   4 |  683.2 |
       Dungeon |   2733 |   2425 |    308 |    775 |   1226 |   4 |  683.2 |
               +--------+--------+--------+--------+--------+-----+--------+

Top non-repeatable levels by time:
     D:1: 2261 daAuts
     D:2: 324 daAuts
     D:3: 136 daAuts
     D:4: 11 daAuts
